 Dungeon Crawl Stone Soup version 0.29-a0-887-gcbe080d7e0 (webtiles) character file.

Game seed: 1100242353940468872

55 IdlyInterested the Poker (level 3, -1/27 HPs)
             Began as a Demonspawn Wanderer on July 21, 2022.
             Killed from afar by Ijyb (7 damage)
             ... with a puff of flame
             ... on level 3 of the Dungeon.
             The game lasted 00:05:18 (2403 turns).

IdlyInterested the Poker (Demonspawn Wanderer)      Turns: 2403, Time: 00:05:19

Health: -1/27      AC:  7    Str: 10    XL:     3   Next: 67%
Magic:  4/4        EV:  8    Int: 21    God:
Gold:   91         SH:  5    Dex: 14    Spells: 3/4 levels left

rFire   . . .      SeeInvis .   a - +2 spear
rCold   . . .      Faith    .   (no shield)
rNeg    . . .      Spirit   .   i - +0 scale mail
rPois   .          Reflect  +   (no helmet)
rElec   .          Harm     .   (no cloak)
rCorr   .          Rampage  .   l - +0 pair of gloves
Will    .....                   (no boots)
Stlth   ..........              h - amulet of reflection
HPRegen 0.09/turn               k - +6 ring of intelligence
MPRegen 0.09/turn               (no ring)

@: no status effects
A: powered by death 1
a: no special abilities


You were on level 3 of the Dungeon.
You visited 1 branch of the dungeon, and saw 3 of its levels.

You collected 91 gold pieces.

Inventory:

Hand Weapons
 a - a +2 spear (weapon)
Armour
 i - a +0 scale mail (worn)
 l - a +0 pair of gloves (worn)
Jewellery
 h - an amulet of reflection (around neck)
 k - a +6 ring of intelligence (left hand)
Wands
 d - a wand of iceblast (8)
Scrolls
 e - 3 scrolls of identify
 g - a scroll of torment
Potions
 c - 2 potions of attraction
 f - a potion of mutation {unknown}
 j - 3 potions of curing
Miscellaneous
 b - a piece from Xom's chessboard (15/15)


   Skills:
 + Level 2.2 Fighting
 + Level 4.8 Polearms
 - Level 1.0 Throwing
 + Level 1.3 Dodging
 - Level 1.0 Spellcasting
 - Level 1.0 Translocations
 - Level 2.0 Evocations


You had 3 spell levels left.
You knew the following spells:

 Your Spells              Type           Power      Damage    Failure   Level
a - Apportation           Tloc           10%        N/A       61%         1

Your spell library contained the following spells:

 Spells                   Type           Power      Damage    Failure   Level
 Lesser Beckoning         Tloc           5%         N/A       93%         3


Dungeon Overview and Level Annotations

Branches:
Dungeon (3/15)

Altars:

Annotations:
D:3 Ijyb


Innate Abilities, Weirdness & Mutations

You regenerate a little health from kills.


Message History

You hit Ijyb.
Ijyb is moderately wounded.
Ijyb hits you with a +0 club.
You hit Ijyb.
Ijyb is moderately wounded.
Ijyb hits you but does no damage.
You puncture Ijyb!
Ijyb is severely wounded.
Ijyb barely misses you.
You closely miss Ijyb.
Ijyb is severely wounded.
Ijyb barely misses you.
You hit Ijyb but do no damage. You punch Ijyb, but do no damage.
Ijyb is severely wounded.
Ijyb screams, "Me very upset!"
Ijyb zaps a wand.
The puff of flame hits you.
You miss Ijyb.
Ijyb is severely wounded.
Ijyb zaps a wand.
The puff of flame hits you but does no damage.
You barely miss Ijyb.
Ijyb is severely wounded.
You closely miss Ijyb.
Ijyb is severely wounded.
You block Ijyb's attack.
You hit Ijyb but do no damage.
Ijyb is severely wounded.
Ijyb zaps a wand.
The puff of flame hits you.
You barely miss Ijyb.
Ijyb is severely wounded.
Ijyb hits you with a +0 club. The worm bites you.
You closely miss Ijyb.
Ijyb is severely wounded.
Ijyb hits you with a +0 club.
You closely miss Ijyb.
Ijyb is severely wounded.
The worm bites you.
* * * LOW HITPOINT WARNING * * *
Ijyb zaps a wand.
The puff of flame hits you!
You die...

#.# #.# #.# #.#
#.# # #.# .#
#.###<####.#.#.#
#........g.....<
#####...@#...
###$w# #...#
#.....#
#.......#
#..........
##...)......
##..........
#..........


You could see Ijyb and a worm.

Vanquished Creatures
  An adder (D:2)
  A dart slug (D:1)
  3 ball pythons (D:2)
  5 bats
  4 endoplasms
  A giant cockroach (D:2)
  9 goblins
  4 hobgoblins
  A quokka (D:1)
  2 frilled lizards
  5 kobolds
  5 rats
41 creatures vanquished.

Vanquished Creatures (others)
  11 plants (D:2)
11 creatures vanquished.

Grand Total: 52 creatures vanquished

Notes
Turn   | Place    | Note
-------+----------+-------------------------------------------
     0 | D:1      | IdlyInterested the Demonspawn Wanderer began the quest for
                  | the Orb.
     0 | D:1      | IdlyInterested set off with the following items: a +2
                  | spear, a piece from Xom's chessboard (15/15), a potion of
                  | attraction, a +0 robe; and the following spell memorised:
                  | Apportation; and the following spells available to
                  | memorise: Lesser Beckoning.
     0 | D:1      | Reached XP level 1. HP: 13/13 MP: 2/2
   409 | D:1      | Reached skill level 1 in Fighting
   427 | D:1      | Gained mutation: You regenerate a little health from kills.
                  | [demonic ancestry]
   427 | D:1      | Reached XP level 2. HP: 21/21 MP: 3/3
   721 | D:1      | Found a faded altar of an unknown god.
  1315 | D:2      | Reached skill level 1 in Dodging
  1315 | D:2      | Reached XP level 3. HP: 14/27 MP: 4/4
  2388 | D:3      | Noticed Ijyb
  2403 | D:3      | Killed from afar by Ijyb

Illustrated notes

Levels and vault maps discovered:
D:1:      wheals_arrival_shading, layout_basic,
          shapermc_ecumenical_altar_mp_highgroup
D:2:      layout_rooms, serial_bayou, serial_bayou_lake_a, serial_bayou_pond_d,
          serial_bayou_pond_d, serial_bayou_pond_a, serial_bayou_lagoon_b
D:3:      layout_loops_ring, minitemple, uniq_crazy_yiuf_cottage, uniq_ijyb

Skill      XL: |  1  2  3 |
---------------+----------+-----
Fighting       | 1 2 |  2.2
Dodging        | 1 |  1.3
Polearms       | |  4.8
Throwing       | |  1.0
Spellcasting   | |  1.0
Translocations | |  1.0
Evocations     | |  2.0

Action                   || total
-------------------------++-------
Melee: Spear             ||   143
       Punch             ||     4
  Use: Scroll            ||     3
 Stab: Sleeping          ||     1
Armor: Ring mail         ||     2
       Robe              ||     1
       Scale mail        ||    59
Dodge: Dodged            ||    44
Block: Other             ||    35

Table legend: (Time is in decaauts)
 A = Elapsed time spent in this place.
 B = Non-inter-level travel time spent in this place.
 C = Inter-level travel time spent in this place.
 D = Time resting spent in this place.
 E = Time spent auto-exploring this place.
 F = Levels seen in this place.
 G = Mean time per level.
                   A        B        C        D        E       F      G
               +--------+--------+--------+--------+--------+-----+--------+
         Total |   2417 |   2130 |    287 |    589 |   1157 |   3 |  805.7 |
       Dungeon |   2417 |   2130 |    287 |    589 |   1157 |   3 |  805.7 |
               +--------+--------+--------+--------+--------+-----+--------+

Top non-repeatable levels by time:
     D:1: 1665 daAuts
     D:2: 735 daAuts
     D:3: 17 daAuts
